Connexion

Checkers vs Thunderbirds

Created - 5 août 2023 at 07:38

Goals
1 2 3 T
Checkers 2 2 0 4
Thunderbirds 3 2 0 5
Shots
1 2 3 T
Checkers 11 9 14 34
Thunderbirds 16 21 8 45

GoalsPenalties
1st period
1. Thunderbirds , Austin Poganski 2 (Alex Belzile 2, Stuart Percy 2) at 6:17
2. Thunderbirds , Michael Chaput 2 (Stuart Percy 3, Alex Peters 3) at 7:54
3. Checkers , Joshua Ho-Sang 1 (Troy Stecher 2, Max Crozier 3) at 8:21
4. Thunderbirds , Austin Poganski 3 (Alex Peters 4, Alex Belzile 3) at 13:44
5. Checkers , Demetrios Koumontzis 1 (Michael Vukojevic 2, Vinni Lettieri 1) at 18:44 (PP)
Michael Chaput (SPR) for Hooking (Minor) at 2:12
Noel Acciari (SPR) for High sticking (Minor) at 9:47
Andy Andreoff (CHA) for Holding (Minor) at 15:21
Michael Chaput (SPR) for Interference (Minor) at 17:59
Michael Vukojevic (CHA) for Interference (Minor) at 19:59
2nd period
6. Thunderbirds , Ryan Lomberg 2 (Alex Peters 5, Stuart Percy 4) at 5:16
7. Checkers , Andy Andreoff 2 (Riley Barber 3, Miles Wood 3) at 15:22 (PP)
8. Thunderbirds , Ryan Lomberg 3 (Alex Belzile 4) at 18:11
9. Checkers , Joshua Ho-Sang 2 (Brett Sutter 1, Troy Stecher 3) at 19:13
Ryan Lomberg (SPR) for Interference (Minor) at 14:29
3rd period
No Goal
Chris Wideman (SPR) for Holding (Minor) at 0:50
Goalie Stats
Jake Kielly (CHA), 40 saves from 45 shots - (0,889), L, 0-4-0, 59:26 minutes
Andrew D'Agostini (SPR), 30 saves from 34 shots - (0,882), W, 4-0-0, 60:00 minutes
3 StarsOfficial
1 - Austin Poganski (SPR)
2 - Stuart Percy (SPR)
3 - Ryan Lomberg (SPR)
Referees : Frederick L'Ecuyer and Chris Rooney
Linesman : Greg Devorski and Pierre Racicot
Game Note
No Game Note
Finance
Level 1 -- Attendance: 1560 (78,00%) -- Ticket Income 62 400 $
Level 2 -- Attendance: 764 (76,40%) -- Ticket Income 15 280 $
Total Attendance: 2324 (77,47%)
Total Ticket Income: 77 680 $
Other Income: 15 536 $
Total Income: 93 216 $



Team Name Goals Shots Shots Attemp Shots Blocked PIM HIT PP PK FO%
Checkers 4347294272 / 5 (40%)054%
Thunderbirds 545791310250 / 2 (0%)246%

Checkers
Player Name POS G A P +/- PIM HIT SHT SB MP PP MP PP SHT PK MP PK SHT FO% FOT
Aarne TalvitieC000001006:070:0000:00063% 8
Aidan HreschukD0000002113:150:0000:5000% 0
Andy AndreoffC/LW101-4224019:103:5520:00052% 27
Brett SutterC/LW0112051019:353:4002:580100% 1
Demetrios KoumontzisD101-2001122:103:1712:1400% 0
Dylan PetersonC000000000:000:0000:0000% 0
Ethan EdwardsD0000020013:481:2300:0000% 0
Jackson BlakeRW000-1000014:070:0000:0000% 0
Joshua Ho-SangRW2022007017:373:4001:0000% 0
Ludwig PerssonLW000-1002014:070:0000:000100% 1
Max CrozierD011-1032424:533:4611:4400% 0
Michael VukojevicD011-2220020:102:2601:0600% 0
Miles WoodLW011-4041019:113:5500:000100% 1
Petrus PalmuRW000000006:070:0000:0000% 0
Reese JohnsonC000-1044014:070:0000:00065% 17
Riley BarberRW011-4006120:113:5531:000100% 2
Troy StecherD022-1022025:434:1802:0200% 0
Vinni LettieriC0112022225:423:4002:58044% 39
Thunderbirds
Player Name POS G A P +/- PIM HIT SHT SB MP PP MP PP SHT PK MP PK SHT FO% FOT
Aaron HarstadD000-1001314:570:0000:2800% 0
Alex BelzileC/RW0334003019:392:0412:42145% 31
Alex PetersD0334010121:092:0803:1400% 0
Austin PoganskiRW2024006116:320:0001:3900% 0
C.J. SmithLW000-1018019:481:5430:000100% 1
Chris WidemanD0000240123:511:5002:5600% 0
Felix GirardC000000000:080:0000:0000% 0
Libor SulakD0000022123:571:5013:5000% 0
Logan O'ConnorRW0001031018:182:0402:420100% 2
Lucas ElvenesC000000000:080:0000:0000% 0
Michael ChaputC/LW1011416114:040:0000:34033% 15
Noel AcciariC/RW000-2274124:411:5402:54048% 33
Nolan VeseyLW/RW0001002014:160:0000:4400% 0
Ryan LombergLW2024226016:562:0410:000100% 1
Sergei BoikovD000-1010314:370:0001:4400% 0
Stefan NoesenRW000-2004125:431:5413:55040% 10
Stelio MattheosC/RW000-100002:080:0000:00033% 3
Stuart PercyD0334032021:282:0802:5800% 0



Play-by-Play

1st period


0:01 of 1st period - Noel Acciari wins face-off versus Vinni Lettieri in neutral zone.
0:12 of 1st period - Shot by Joshua Ho-Sang.
0:12 of 1st period - Stopped by Andrew D'Agostini without a rebound.
0:13 of 1st period - Riley Barber wins face-off versus Alex Belzile in Thunderbirds zone.
1:52 of 1st period - Vinni Lettieri is hit by Libor Sulak and loses puck.
1:58 of 1st period - Joshua Ho-Sang is hit by Chris Wideman and loses puck.
2:12 of 1st period - Minor Penalty to Michael Chaput for Hooking.
2:13 of 1st period - Andy Andreoff wins face-off versus Alex Belzile in Thunderbirds zone.
4:23 of 1st period - Aidan Hreschuk is hit by Logan O'Connor and loses puck.
5:10 of 1st period - Shot by Austin Poganski.
5:10 of 1st period - Stopped by Jake Kielly without a rebound.
5:11 of 1st period - Aarne Talvitie wins face-off versus Noel Acciari in Checkers zone.
5:54 of 1st period - Shot by Michael Chaput.
5:54 of 1st period - Stopped by Jake Kielly without a rebound.
5:55 of 1st period - Riley Barber wins face-off versus Michael Chaput in Checkers zone.
5:59 of 1st period - Icing by Max Crozier.
6:00 of 1st period - Alex Belzile wins face-off versus Andy Andreoff in Checkers zone.
6:17 of 1st period - Shot by Austin Poganski.
6:17 of 1st period - Goal by Austin Poganski - Checkers : 0 - Thunderbirds : 1.
6:18 of 1st period - Vinni Lettieri wins face-off versus Michael Chaput in neutral zone.
6:33 of 1st period - Shot by Michael Chaput.
6:33 of 1st period - Stopped by Jake Kielly without a rebound.
6:34 of 1st period - Alex Belzile wins face-off versus Andy Andreoff in Checkers zone.
7:07 of 1st period - Shot by Andy Andreoff.
7:07 of 1st period - Deflect By Riley Barber.
7:07 of 1st period - Shot Blocked by Libor Sulak.
7:09 of 1st period - Shot by Andy Andreoff.
7:09 of 1st period - Stopped by Andrew D'Agostini without a rebound.
7:10 of 1st period - Noel Acciari wins face-off versus Vinni Lettieri in Thunderbirds zone.
7:18 of 1st period - Off-side.
7:19 of 1st period - Noel Acciari wins face-off versus Vinni Lettieri in neutral zone.
7:21 of 1st period - C.J. Smith is hit by Max Crozier and loses puck.
7:28 of 1st period - Shot by Noel Acciari.
7:28 of 1st period - Stopped by Jake Kielly with a rebound.
7:44 of 1st period - Shot by C.J. Smith.
7:44 of 1st period - Stopped by Jake Kielly without a rebound.
7:45 of 1st period - Michael Chaput wins face-off versus Andy Andreoff in Checkers zone.
7:54 of 1st period - Shot by Michael Chaput.
7:54 of 1st period - Goal by Michael Chaput - Checkers : 0 - Thunderbirds : 2.
7:55 of 1st period - Reese Johnson wins face-off versus Alex Belzile in neutral zone.
7:55 of 1st period - Reese Johnson is hit by Ryan Lomberg.
8:01 of 1st period - Shot by Reese Johnson.
8:01 of 1st period - Stopped by Andrew D'Agostini without a rebound.
8:02 of 1st period - Stelio Mattheos wins face-off versus Vinni Lettieri in Thunderbirds zone.
8:21 of 1st period - Shot by Joshua Ho-Sang.
8:21 of 1st period - Goal by Joshua Ho-Sang - Checkers : 1 - Thunderbirds : 2.
8:22 of 1st period - Michael Chaput wins face-off versus Andy Andreoff in neutral zone.
8:50 of 1st period - Stuart Percy is hit by Andy Andreoff and loses puck.
9:08 of 1st period - Icing by Andy Andreoff.
9:09 of 1st period - Andy Andreoff wins face-off versus Noel Acciari in Checkers zone.
9:16 of 1st period - Noel Acciari is hit by Miles Wood and loses puck.
9:31 of 1st period - Michael Vukojevic is hit by Noel Acciari and loses puck.
9:47 of 1st period - Minor Penalty to Noel Acciari for High sticking.
9:48 of 1st period - Vinni Lettieri wins face-off versus Stefan Noesen in Thunderbirds zone.
10:03 of 1st period - Shot by Max Crozier.
10:03 of 1st period - Shot Misses the Net.
10:05 of 1st period - Shot by Max Crozier.
10:05 of 1st period - Stopped by Andrew D'Agostini without a rebound.
10:06 of 1st period - Stefan Noesen wins face-off versus Vinni Lettieri in Thunderbirds zone.
10:06 of 1st period - Stefan Noesen is hit by Vinni Lettieri.
10:16 of 1st period - Shot by Vinni Lettieri.
10:16 of 1st period - Shot Misses the Net.
11:37 of 1st period - Icing by Andy Andreoff.
11:38 of 1st period - Alex Belzile wins face-off versus Andy Andreoff in Checkers zone.
11:45 of 1st period - Shot by Alex Belzile.
11:45 of 1st period - Stopped by Jake Kielly without a rebound.
11:46 of 1st period - Vinni Lettieri wins face-off versus Stefan Noesen in Checkers zone.
11:46 of 1st period - Vinni Lettieri is hit by Stuart Percy.
11:54 of 1st period - Shot by Ludwig Persson.
11:54 of 1st period - Shot Blocked by Michael Chaput.
12:18 of 1st period - Shot by Nolan Vesey.
12:18 of 1st period - Stopped by Jake Kielly without a rebound.
12:19 of 1st period - Aarne Talvitie wins face-off versus Alex Belzile in Checkers zone.
12:19 of 1st period - Vinni Lettieri is hit by Ryan Lomberg and loses puck.
12:34 of 1st period - Shot by Vinni Lettieri.
12:34 of 1st period - Shot Hit the Post.
12:36 of 1st period - Shot by Aidan Hreschuk.
12:36 of 1st period - Stopped by Andrew D'Agostini without a rebound.
12:37 of 1st period - Noel Acciari wins face-off versus Vinni Lettieri in Thunderbirds zone.
12:41 of 1st period - Off-side.
12:42 of 1st period - Vinni Lettieri wins face-off versus Noel Acciari in neutral zone.
12:48 of 1st period - Icing by Noel Acciari.
12:49 of 1st period - Noel Acciari wins face-off versus Vinni Lettieri in Thunderbirds zone.
13:16 of 1st period - Shot by Vinni Lettieri.
13:16 of 1st period - Stopped by Andrew D'Agostini without a rebound.
13:17 of 1st period - Alex Belzile wins face-off versus Andy Andreoff in Thunderbirds zone.
13:38 of 1st period - Shot by Alex Belzile.
13:38 of 1st period - Shot Misses the Net.
13:40 of 1st period - Shot by Alex Belzile.
13:40 of 1st period - Shot Blocked by Max Crozier.
13:44 of 1st period - Shot by Austin Poganski.
13:44 of 1st period - Goal by Austin Poganski - Checkers : 1 - Thunderbirds : 3.
13:45 of 1st period - Reese Johnson wins face-off versus Noel Acciari in neutral zone.
13:50 of 1st period - Noel Acciari is hit by Reese Johnson and loses puck.
14:03 of 1st period - Off-side.
14:04 of 1st period - Michael Chaput wins face-off versus Vinni Lettieri in neutral zone.
14:13 of 1st period - Shot by Logan O'Connor.
14:13 of 1st period - Shot Misses the Net.
14:27 of 1st period - Joshua Ho-Sang is hit by Logan O'Connor and loses puck.
14:51 of 1st period - Off-side.
14:52 of 1st period - Noel Acciari wins face-off versus Andy Andreoff in neutral zone.
14:52 of 1st period - C.J. Smith is hit by Andy Andreoff and loses puck.
15:03 of 1st period - Chris Wideman is hit by Miles Wood and loses puck.
15:21 of 1st period - Minor Penalty to Andy Andreoff for Holding.
15:22 of 1st period - Alex Belzile wins face-off versus Vinni Lettieri in Checkers zone.
15:27 of 1st period - Shot by Logan O'Connor.
15:27 of 1st period - Deflect By Ryan Lomberg.
15:27 of 1st period - Stopped by Jake Kielly with a rebound.
15:29 of 1st period - Shot by Stuart Percy.
15:29 of 1st period - Shot Misses the Net.
15:31 of 1st period - Shot by Alex Belzile.
15:31 of 1st period - Stopped by Jake Kielly without a rebound.
15:32 of 1st period - Noel Acciari wins face-off versus Vinni Lettieri in Checkers zone.
15:33 of 1st period - Shot by C.J. Smith.
15:33 of 1st period - Shot Misses the Net.
15:35 of 1st period - Shot by C.J. Smith.
15:35 of 1st period - Stopped by Jake Kielly without a rebound.
15:36 of 1st period - Noel Acciari wins face-off versus Vinni Lettieri in Checkers zone.
15:36 of 1st period - Noel Acciari is hit by Max Crozier.
15:50 of 1st period - Shot by Vinni Lettieri.
15:50 of 1st period - Shot Hit the Post.
15:52 of 1st period - Shot by Michael Vukojevic.
15:52 of 1st period - Shot Misses the Net.
16:11 of 1st period - Shot by C.J. Smith.
16:11 of 1st period - Stopped by Jake Kielly without a rebound.
16:12 of 1st period - Vinni Lettieri wins face-off versus Alex Belzile in Checkers zone.
16:34 of 1st period - Shot by Ryan Lomberg.
16:34 of 1st period - Shot Misses the Net.
16:47 of 1st period - Icing by Alex Peters.
16:48 of 1st period - Vinni Lettieri wins face-off versus Alex Belzile in Thunderbirds zone.
17:40 of 1st period - Shot by Stefan Noesen.
17:40 of 1st period - Stopped by Jake Kielly with a rebound.
17:50 of 1st period - Shot by Noel Acciari.
17:50 of 1st period - Shot Misses the Net.
17:52 of 1st period - Shot by Libor Sulak.
17:52 of 1st period - Stopped by Jake Kielly without a rebound.
17:53 of 1st period - Andy Andreoff wins face-off versus Michael Chaput in Checkers zone.
17:57 of 1st period - Troy Stecher is hit by Michael Chaput and loses puck.
17:59 of 1st period - Minor Penalty to Michael Chaput for Interference.
18:00 of 1st period - Andy Andreoff wins face-off versus Stefan Noesen in Thunderbirds zone.
18:15 of 1st period - Shot by Riley Barber.
18:15 of 1st period - Stopped by Andrew D'Agostini with a rebound.
18:17 of 1st period - Shot by Riley Barber.
18:17 of 1st period - Stopped by Andrew D'Agostini without a rebound.
18:18 of 1st period - Vinni Lettieri wins face-off versus Stefan Noesen in Thunderbirds zone.
18:42 of 1st period - Shot by Michael Vukojevic.
18:42 of 1st period - Shot Misses the Net.
18:44 of 1st period - Shot by Demetrios Koumontzis.
18:44 of 1st period - Goal by Demetrios Koumontzis - Checkers : 2 - Thunderbirds : 3.
18:45 of 1st period - Alex Belzile wins face-off versus Andy Andreoff in neutral zone.
19:07 of 1st period - Shot by Ryan Lomberg.
19:07 of 1st period - Shot Misses the Net.
19:15 of 1st period - Icing by Alex Belzile.
19:16 of 1st period - Reese Johnson wins face-off versus Alex Belzile in Thunderbirds zone.
19:21 of 1st period - Shot by Ludwig Persson.
19:21 of 1st period - Stopped by Andrew D'Agostini without a rebound.
19:22 of 1st period - Noel Acciari wins face-off versus Vinni Lettieri in Thunderbirds zone.
19:35 of 1st period - Vinni Lettieri is hit by Noel Acciari and loses puck.
19:40 of 1st period - Shot by Alex Peters.
19:40 of 1st period - Shot Misses the Net.
19:50 of 1st period - Shot by Joshua Ho-Sang.
19:50 of 1st period - Shot Misses the Net.
19:59 of 1st period - Minor Penalty to Michael Vukojevic for Interference.
Goals for this period are 2 for Checkers vs 3 for Thunderbirds.
Shots for this period are 11 for Checkers vs 16 for Thunderbirds.

2nd period


0:01 of 2nd period - Noel Acciari wins face-off versus Vinni Lettieri in neutral zone.
0:06 of 2nd period - Shot by Stefan Noesen.
0:06 of 2nd period - Stopped by Jake Kielly with a rebound.
0:08 of 2nd period - Shot by Chris Wideman.
0:08 of 2nd period - Shot Blocked by Vinni Lettieri.
0:26 of 2nd period - Shot by C.J. Smith.
0:26 of 2nd period - Shot Blocked by Max Crozier.
0:28 of 2nd period - Shot by Libor Sulak.
0:28 of 2nd period - Stopped by Jake Kielly without a rebound.
0:29 of 2nd period - Vinni Lettieri wins face-off versus Alex Belzile in Checkers zone.
1:37 of 2nd period - Shot by C.J. Smith.
1:37 of 2nd period - Stopped by Jake Kielly without a rebound.
1:38 of 2nd period - Noel Acciari wins face-off versus Vinni Lettieri in Checkers zone.
1:56 of 2nd period - Shot by Stefan Noesen.
1:56 of 2nd period - Shot Misses the Net.
3:05 of 2nd period - Ryan Lomberg is hit by Ethan Edwards and loses puck.
3:08 of 2nd period - Shot by Ryan Lomberg.
3:08 of 2nd period - Stopped by Jake Kielly with a rebound.
3:10 of 2nd period - Shot by Ryan Lomberg.
3:10 of 2nd period - Shot Misses the Net.
3:44 of 2nd period - Shot by Noel Acciari.
3:44 of 2nd period - Shot Misses the Net.
3:52 of 2nd period - Shot by Noel Acciari.
3:52 of 2nd period - Stopped by Jake Kielly with a rebound.
3:59 of 2nd period - Vinni Lettieri is hit by Chris Wideman and loses puck.
4:05 of 2nd period - Off-side.
4:06 of 2nd period - Reese Johnson wins face-off versus Michael Chaput in neutral zone.
4:11 of 2nd period - Icing by Nolan Vesey.
4:12 of 2nd period - Michael Chaput wins face-off versus Reese Johnson in Thunderbirds zone.
5:16 of 2nd period - Shot by Ryan Lomberg.
5:16 of 2nd period - Goal by Ryan Lomberg - Checkers : 2 - Thunderbirds : 4.
5:17 of 2nd period - Andy Andreoff wins face-off versus Noel Acciari in neutral zone.
5:17 of 2nd period - Andy Andreoff is hit by Noel Acciari.
5:33 of 2nd period - Shot by Chris Wideman.
5:33 of 2nd period - Shot Blocked by Aidan Hreschuk.
5:43 of 2nd period - Shot by Stefan Noesen.
5:43 of 2nd period - Shot Misses the Net.
6:28 of 2nd period - Icing by Michael Vukojevic.
6:29 of 2nd period - Vinni Lettieri wins face-off versus Alex Belzile in Checkers zone.
6:34 of 2nd period - Alex Peters is hit by Brett Sutter and loses puck.
7:29 of 2nd period - Shot by Nolan Vesey.
7:29 of 2nd period - Stopped by Jake Kielly with a rebound.
8:20 of 2nd period - Shot by Stelio Mattheos.
8:20 of 2nd period - Shot Blocked by Max Crozier.
8:47 of 2nd period - Icing by Ryan Lomberg.
8:48 of 2nd period - Ryan Lomberg wins face-off versus Vinni Lettieri in Thunderbirds zone.
8:59 of 2nd period - Vinni Lettieri is hit by Alex Peters and loses puck.
9:36 of 2nd period - Shot by Logan O'Connor.
9:36 of 2nd period - Stopped by Jake Kielly with a rebound.
10:21 of 2nd period - Icing by Nolan Vesey.
10:22 of 2nd period - Logan O'Connor wins face-off versus Aarne Talvitie in Thunderbirds zone.
11:00 of 2nd period - Shot by Noel Acciari.
11:00 of 2nd period - Stopped by Jake Kielly without a rebound.
11:01 of 2nd period - Andy Andreoff wins face-off versus Alex Belzile in Checkers zone.
11:12 of 2nd period - Alex Belzile is hit by Miles Wood.
12:44 of 2nd period - Icing by Andy Andreoff.
12:45 of 2nd period - Andy Andreoff wins face-off versus Alex Belzile in Checkers zone.
12:51 of 2nd period - Shot by Austin Poganski.
12:51 of 2nd period - Stopped by Jake Kielly without a rebound.
12:52 of 2nd period - Brett Sutter wins face-off versus Michael Chaput in Checkers zone.
13:22 of 2nd period - Shot by Michael Chaput.
13:22 of 2nd period - Stopped by Jake Kielly without a rebound.
13:23 of 2nd period - Noel Acciari wins face-off versus Reese Johnson in Checkers zone.
13:24 of 2nd period - Shot by C.J. Smith.
13:24 of 2nd period - Stopped by Jake Kielly without a rebound.
13:25 of 2nd period - Reese Johnson wins face-off versus Stefan Noesen in Checkers zone.
13:25 of 2nd period - Reese Johnson is hit by Noel Acciari.
13:30 of 2nd period - Ludwig Persson is hit by Libor Sulak and loses puck.
13:39 of 2nd period - Shot by Stefan Noesen.
13:39 of 2nd period - Stopped by Jake Kielly without a rebound.
13:40 of 2nd period - Vinni Lettieri wins face-off versus Alex Belzile in Checkers zone.
13:45 of 2nd period - Shot by Vinni Lettieri.
13:45 of 2nd period - Stopped by Andrew D'Agostini with a rebound.
13:56 of 2nd period - Shot by Austin Poganski.
13:56 of 2nd period - Shot Misses the Net.
13:58 of 2nd period - Shot by Aaron Harstad.
13:58 of 2nd period - Shot Misses the Net.
14:00 of 2nd period - Shot by Austin Poganski.
14:00 of 2nd period - Stopped by Jake Kielly without a rebound.
14:01 of 2nd period - Stefan Noesen wins face-off versus Reese Johnson in Checkers zone.
14:09 of 2nd period - C.J. Smith is hit by Ethan Edwards and loses puck.
14:12 of 2nd period - Shot by Noel Acciari.
14:12 of 2nd period - Shot Misses the Net.
14:16 of 2nd period - Shot by Stefan Noesen.
14:16 of 2nd period - Deflect By C.J. Smith.
14:16 of 2nd period - Stopped by Jake Kielly without a rebound.
14:17 of 2nd period - Alex Belzile wins face-off versus Vinni Lettieri in Checkers zone.
14:29 of 2nd period - Minor Penalty to Ryan Lomberg for Interference.
14:30 of 2nd period - Stefan Noesen wins face-off versus Vinni Lettieri in Thunderbirds zone.
15:18 of 2nd period - Shot by Riley Barber.
15:18 of 2nd period - Shot Misses the Net.
15:20 of 2nd period - Shot by Riley Barber.
15:20 of 2nd period - Shot Misses the Net.
15:22 of 2nd period - Shot by Riley Barber.
15:22 of 2nd period - Deflect By Andy Andreoff.
15:22 of 2nd period - Goal by Andy Andreoff - Checkers : 3 - Thunderbirds : 4.
15:23 of 2nd period - Reese Johnson wins face-off versus Alex Belzile in neutral zone.
15:32 of 2nd period - Alex Peters is hit by Reese Johnson and loses puck.
16:23 of 2nd period - Shot by Noel Acciari.
16:23 of 2nd period - Shot Blocked by Demetrios Koumontzis.
16:25 of 2nd period - Shot by Aaron Harstad.
16:25 of 2nd period - Shot Misses the Net.
16:27 of 2nd period - Shot by Stefan Noesen.
16:27 of 2nd period - Shot Misses the Net.
16:29 of 2nd period - Shot by Aaron Harstad.
16:29 of 2nd period - Stopped by Jake Kielly without a rebound.
16:30 of 2nd period - Vinni Lettieri wins face-off versus Michael Chaput in Checkers zone.
16:45 of 2nd period - Chris Wideman is hit by Max Crozier and loses puck.
16:58 of 2nd period - Shot by Michael Chaput.
16:58 of 2nd period - Shot Misses the Net.
17:06 of 2nd period - Shot by Michael Chaput.
17:06 of 2nd period - Stopped by Jake Kielly without a rebound.
17:07 of 2nd period - Miles Wood wins face-off versus Noel Acciari in Checkers zone.
17:11 of 2nd period - Icing by Demetrios Koumontzis.
17:12 of 2nd period - Andy Andreoff wins face-off versus Noel Acciari in Checkers zone.
17:14 of 2nd period - Icing by Miles Wood.
17:15 of 2nd period - Andy Andreoff wins face-off versus Noel Acciari in Checkers zone.
17:20 of 2nd period - Shot by Demetrios Koumontzis.
17:20 of 2nd period - Shot Misses the Net.
17:23 of 2nd period - Icing by Alex Peters.
17:24 of 2nd period - Aarne Talvitie wins face-off versus Noel Acciari in Thunderbirds zone.
17:39 of 2nd period - Shot by C.J. Smith.
17:39 of 2nd period - Stopped by Jake Kielly with a rebound.
17:41 of 2nd period - Shot by Stefan Noesen.
17:41 of 2nd period - Shot Blocked by Vinni Lettieri.
17:59 of 2nd period - Shot by Noel Acciari.
17:59 of 2nd period - Shot Misses the Net.
18:01 of 2nd period - Shot by Noel Acciari.
18:01 of 2nd period - Stopped by Jake Kielly without a rebound.
18:02 of 2nd period - Alex Belzile wins face-off versus Andy Andreoff in Checkers zone.
18:11 of 2nd period - Shot by Ryan Lomberg.
18:11 of 2nd period - Goal by Ryan Lomberg - Checkers : 3 - Thunderbirds : 5.
18:12 of 2nd period - Reese Johnson wins face-off versus Michael Chaput in neutral zone.
18:37 of 2nd period - Shot by Reese Johnson.
18:37 of 2nd period - Shot Misses the Net.
18:39 of 2nd period - Shot by Aidan Hreschuk.
18:39 of 2nd period - Stopped by Andrew D'Agostini with a rebound.
18:41 of 2nd period - Shot by Reese Johnson.
18:41 of 2nd period - Deflect By Ludwig Persson.
18:41 of 2nd period - Stopped by Andrew D'Agostini without a rebound.
18:42 of 2nd period - Vinni Lettieri wins face-off versus Noel Acciari in Thunderbirds zone.
18:47 of 2nd period - Shot by Joshua Ho-Sang.
18:47 of 2nd period - Stopped by Andrew D'Agostini with a rebound.
18:49 of 2nd period - Shot by Brett Sutter.
18:49 of 2nd period - Shot Blocked by Stefan Noesen.
18:51 of 2nd period - Shot by Brett Sutter.
18:51 of 2nd period - Shot Blocked by Sergei Boikov.
19:05 of 2nd period - Shot by Troy Stecher.
19:05 of 2nd period - Shot Misses the Net.
19:07 of 2nd period - Shot by Joshua Ho-Sang.
19:07 of 2nd period - Stopped by Andrew D'Agostini with a rebound.
19:11 of 2nd period - Shot by Brett Sutter.
19:11 of 2nd period - Stopped by Andrew D'Agostini with a rebound.
19:13 of 2nd period - Shot by Joshua Ho-Sang.
19:13 of 2nd period - Goal by Joshua Ho-Sang - Checkers : 4 - Thunderbirds : 5.
19:14 of 2nd period - Alex Belzile wins face-off versus Andy Andreoff in neutral zone.
19:29 of 2nd period - Shot by Ryan Lomberg.
19:29 of 2nd period - Stopped by Jake Kielly without a rebound.
19:30 of 2nd period - Reese Johnson wins face-off versus Michael Chaput in Checkers zone.
19:30 of 2nd period - Reese Johnson is hit by Logan O'Connor.
19:38 of 2nd period - Shot by Reese Johnson.
19:38 of 2nd period - Stopped by Andrew D'Agostini with a rebound.
Goals for this period are 2 for Checkers vs 2 for Thunderbirds.
Shots for this period are 9 for Checkers vs 21 for Thunderbirds.

3rd period


0:01 of 3rd period - C.J. Smith wins face-off versus Vinni Lettieri in neutral zone.
0:07 of 3rd period - Icing by Max Crozier.
0:08 of 3rd period - Vinni Lettieri wins face-off versus Noel Acciari in Checkers zone.
0:08 of 3rd period - Vinni Lettieri is hit by Noel Acciari.
0:15 of 3rd period - Off-side.
0:16 of 3rd period - Vinni Lettieri wins face-off versus Noel Acciari in neutral zone.
0:16 of 3rd period - Troy Stecher is hit by C.J. Smith and loses puck.
0:21 of 3rd period - C.J. Smith is hit by Vinni Lettieri and loses puck.
0:34 of 3rd period - Shot by C.J. Smith.
0:34 of 3rd period - Stopped by Jake Kielly with a rebound.
0:41 of 3rd period - Vinni Lettieri is hit by Noel Acciari and loses puck.
0:46 of 3rd period - Stefan Noesen is hit by Brett Sutter and loses puck.
0:50 of 3rd period - Minor Penalty to Chris Wideman for Holding.
0:51 of 3rd period - Stefan Noesen wins face-off versus Andy Andreoff in Thunderbirds zone.
1:15 of 3rd period - Shot by Riley Barber.
1:15 of 3rd period - Stopped by Andrew D'Agostini without a rebound.
1:16 of 3rd period - Vinni Lettieri wins face-off versus Alex Belzile in Thunderbirds zone.
1:17 of 3rd period - Shot by Troy Stecher.
1:17 of 3rd period - Shot Blocked by Sergei Boikov.
1:31 of 3rd period - Noel Acciari is hit by Brett Sutter and loses puck.
1:42 of 3rd period - Shot by Troy Stecher.
1:42 of 3rd period - Shot Misses the Net.
2:34 of 3rd period - Shot by Andy Andreoff.
2:34 of 3rd period - Stopped by Andrew D'Agostini without a rebound.
2:35 of 3rd period - Andy Andreoff wins face-off versus Stefan Noesen in Thunderbirds zone.
2:55 of 3rd period - Shot by Reese Johnson.
2:55 of 3rd period - Stopped by Andrew D'Agostini with a rebound.
2:57 of 3rd period - Shot by Ludwig Persson.
2:57 of 3rd period - Shot Misses the Net.
2:59 of 3rd period - Shot by Ludwig Persson.
2:59 of 3rd period - Shot Misses the Net.
3:01 of 3rd period - Shot by Reese Johnson.
3:01 of 3rd period - Shot Blocked by Austin Poganski.
3:09 of 3rd period - Shot by Jackson Blake.
3:09 of 3rd period - Shot Blocked by Aaron Harstad.
3:11 of 3rd period - Shot by Reese Johnson.
3:11 of 3rd period - Shot Misses the Net.
3:13 of 3rd period - Shot by Jackson Blake.
3:13 of 3rd period - Deflect By Reese Johnson.
3:13 of 3rd period - Shot Blocked by Sergei Boikov.
3:24 of 3rd period - Reese Johnson is hit by Sergei Boikov and loses puck.
4:01 of 3rd period - Logan O'Connor is hit by Aarne Talvitie and loses puck.
4:47 of 3rd period - Off-side.
4:48 of 3rd period - Reese Johnson wins face-off versus Stelio Mattheos in neutral zone.
5:16 of 3rd period - Shot by Stelio Mattheos.
5:16 of 3rd period - Shot Misses the Net.
5:29 of 3rd period - Icing by Troy Stecher.
5:30 of 3rd period - Michael Chaput wins face-off versus Reese Johnson in Checkers zone.
5:39 of 3rd period - Alex Peters is hit by Reese Johnson and loses puck.
5:48 of 3rd period - Shot by Michael Chaput.
5:48 of 3rd period - Stopped by Jake Kielly without a rebound.
5:49 of 3rd period - Alex Belzile wins face-off versus Andy Andreoff in Checkers zone.
6:01 of 3rd period - Shot by Miles Wood.
6:01 of 3rd period - Shot Misses the Net.
6:03 of 3rd period - Shot by Miles Wood.
6:03 of 3rd period - Shot Blocked by Aaron Harstad.
6:11 of 3rd period - Shot by Riley Barber.
6:11 of 3rd period - Shot Hit the Post.
6:17 of 3rd period - Shot by Riley Barber.
6:17 of 3rd period - Stopped by Andrew D'Agostini without a rebound.
6:18 of 3rd period - Logan O'Connor wins face-off versus Vinni Lettieri in Thunderbirds zone.
6:33 of 3rd period - Nolan Vesey is hit by Brett Sutter and loses puck.
6:40 of 3rd period - Shot by Vinni Lettieri.
6:40 of 3rd period - Deflect By Joshua Ho-Sang.
6:40 of 3rd period - Shot Blocked by Alex Peters.
6:43 of 3rd period - Icing by Stuart Percy.
6:44 of 3rd period - Andy Andreoff wins face-off versus Michael Chaput in Thunderbirds zone.
7:01 of 3rd period - Icing by Riley Barber.
7:02 of 3rd period - Andy Andreoff wins face-off versus Noel Acciari in Checkers zone.
7:02 of 3rd period - Andy Andreoff is hit by Noel Acciari.
7:18 of 3rd period - Shot by Riley Barber.
7:18 of 3rd period - Shot Blocked by Chris Wideman.
7:20 of 3rd period - Shot by Andy Andreoff.
7:20 of 3rd period - Stopped by Andrew D'Agostini without a rebound.
7:21 of 3rd period - Alex Belzile wins face-off versus Vinni Lettieri in Thunderbirds zone.
7:44 of 3rd period - Shot by Alex Belzile.
7:44 of 3rd period - Stopped by Jake Kielly without a rebound.
7:45 of 3rd period - Noel Acciari wins face-off versus Reese Johnson in Checkers zone.
8:16 of 3rd period - Shot by Reese Johnson.
8:16 of 3rd period - Stopped by Andrew D'Agostini without a rebound.
8:17 of 3rd period - Alex Belzile wins face-off versus Vinni Lettieri in Thunderbirds zone.
8:17 of 3rd period - Alex Belzile is hit by Brett Sutter.
8:27 of 3rd period - Shot by Austin Poganski.
8:27 of 3rd period - Stopped by Jake Kielly with a rebound.
8:31 of 3rd period - Shot by Ryan Lomberg.
8:31 of 3rd period - Shot Blocked by Max Crozier.
8:49 of 3rd period - Shot by Ryan Lomberg.
8:49 of 3rd period - Shot Misses the Net.
8:51 of 3rd period - Shot by Alex Belzile.
8:51 of 3rd period - Deflect By Ryan Lomberg.
8:51 of 3rd period - Stopped by Jake Kielly without a rebound.
8:52 of 3rd period - Andy Andreoff wins face-off versus Noel Acciari in Checkers zone.
9:05 of 3rd period - Riley Barber is hit by Chris Wideman and loses puck.
9:57 of 3rd period - Off-side.
9:58 of 3rd period - Vinni Lettieri wins face-off versus Alex Belzile in neutral zone.
10:11 of 3rd period - Shot by Stuart Percy.
10:11 of 3rd period - Stopped by Jake Kielly without a rebound.
10:12 of 3rd period - Aarne Talvitie wins face-off versus Michael Chaput in Checkers zone.
10:51 of 3rd period - Icing by Demetrios Koumontzis.
10:52 of 3rd period - Noel Acciari wins face-off versus Aarne Talvitie in Checkers zone.
11:12 of 3rd period - Stefan Noesen is hit by Miles Wood.
11:17 of 3rd period - C.J. Smith is hit by Troy Stecher and loses puck.
11:59 of 3rd period - Ryan Lomberg is hit by Troy Stecher and loses puck.
12:19 of 3rd period - Icing by Alex Belzile.
12:20 of 3rd period - Alex Belzile wins face-off versus Reese Johnson in Thunderbirds zone.
13:09 of 3rd period - Michael Chaput is hit by Reese Johnson and loses puck.
13:38 of 3rd period - Shot by Vinni Lettieri.
13:38 of 3rd period - Deflect By Joshua Ho-Sang.
13:38 of 3rd period - Stopped by Andrew D'Agostini without a rebound.
13:39 of 3rd period - Aarne Talvitie wins face-off versus Noel Acciari in Thunderbirds zone.
13:50 of 3rd period - Icing by C.J. Smith.
13:51 of 3rd period - Noel Acciari wins face-off versus Andy Andreoff in Thunderbirds zone.
14:05 of 3rd period - Shot by Michael Vukojevic.
14:05 of 3rd period - Shot Misses the Net.
14:07 of 3rd period - Shot by Miles Wood.
14:07 of 3rd period - Stopped by Andrew D'Agostini without a rebound.
14:08 of 3rd period - Vinni Lettieri wins face-off versus Alex Belzile in Thunderbirds zone.
14:37 of 3rd period - Shot by Joshua Ho-Sang.
14:37 of 3rd period - Stopped by Andrew D'Agostini without a rebound.
14:38 of 3rd period - Andy Andreoff wins face-off versus Noel Acciari in Thunderbirds zone.
14:38 of 3rd period - Andy Andreoff is hit by Stuart Percy.
14:47 of 3rd period - Alex Peters is hit by Michael Vukojevic and loses puck.
15:00 of 3rd period - Shot by C.J. Smith.
15:00 of 3rd period - Shot Blocked by Riley Barber.
15:02 of 3rd period - Shot by Noel Acciari.
15:02 of 3rd period - Shot Hit the Post.
15:04 of 3rd period - Shot by Stefan Noesen.
15:04 of 3rd period - Stopped by Jake Kielly without a rebound.
15:05 of 3rd period - Reese Johnson wins face-off versus Alex Belzile in Checkers zone.
15:32 of 3rd period - Shot by Troy Stecher.
15:32 of 3rd period - Stopped by Andrew D'Agostini with a rebound.
15:49 of 3rd period - Icing by Troy Stecher.
15:50 of 3rd period - Ludwig Persson wins face-off versus Noel Acciari in Checkers zone.
16:14 of 3rd period - C.J. Smith is hit by Michael Vukojevic and loses puck.
16:23 of 3rd period - Shot by Vinni Lettieri.
16:23 of 3rd period - Shot Misses the Net.
16:25 of 3rd period - Shot by Vinni Lettieri.
16:25 of 3rd period - Shot Blocked by Noel Acciari.
16:29 of 3rd period - Shot by Vinni Lettieri.
16:29 of 3rd period - Shot Misses the Net.
16:53 of 3rd period - Miles Wood is hit by Stuart Percy and loses puck.
17:00 of 3rd period - Shot by Riley Barber.
17:00 of 3rd period - Stopped by Andrew D'Agostini without a rebound.
17:01 of 3rd period - Alex Belzile wins face-off versus Aarne Talvitie in Thunderbirds zone.
18:16 of 3rd period - Shot by Andy Andreoff.
18:16 of 3rd period - Shot Misses the Net.
18:24 of 3rd period - Shot by Riley Barber.
18:24 of 3rd period - Shot Blocked by Aaron Harstad.
18:26 of 3rd period - Shot by Riley Barber.
18:26 of 3rd period - Shot Misses the Net.
18:28 of 3rd period - Shot by Riley Barber.
18:28 of 3rd period - Stopped by Andrew D'Agostini without a rebound.
18:29 of 3rd period - Reese Johnson wins face-off versus Stelio Mattheos in Thunderbirds zone.
18:37 of 3rd period - Jackson Blake is hit by Chris Wideman and loses puck.
18:58 of 3rd period - Shot by Noel Acciari.
18:58 of 3rd period - Shot Misses the Net.
19:08 of 3rd period - Shot by Lucas Elvenes.
19:08 of 3rd period - Shot Misses the Net.
19:10 of 3rd period - Shot by Stuart Percy.
19:10 of 3rd period - Stopped by Jake Kielly without a rebound.
19:11 of 3rd period - Noel Acciari wins face-off versus Vinni Lettieri in Checkers zone.
19:26 of 3rd period - Checkers, Jake Kielly is pulled from the net.
19:26 of 3rd period - Shot by Troy Stecher.
19:26 of 3rd period - Stopped by Andrew D'Agostini with a rebound.
19:30 of 3rd period - Shot by Max Crozier.
19:30 of 3rd period - Stopped by Andrew D'Agostini with a rebound.
19:32 of 3rd period - Shot by Joshua Ho-Sang.
19:32 of 3rd period - Shot Misses the Net.
19:34 of 3rd period - Shot by Max Crozier.
19:34 of 3rd period - Shot Misses the Net.
19:54 of 3rd period - Shot by Noel Acciari.
19:54 of 3rd period - Deflect By C.J. Smith.
19:54 of 3rd period - Shot Hit the Post.
Goals for this period are 0 for Checkers vs 0 for Thunderbirds.
Shots for this period are 14 for Checkers vs 8 for Thunderbirds.